[Event "EYTCC U12 Open 2019"]
[Site "Pardubice"]
[Date "2019.07.16"]
[Round "6.22"]
[White "Skrbec, Leon"]
[Black "Fizer, Marek"]
[Result "0-1"]
[ECO "D37"]
[WhiteElo "1896"]
[BlackElo "1624"]
[Annotator "NA"]
[PlyCount "84"]
[EventDate "2019.07.11"]
[EventType "swiss"]
[EventCountry "CZE"]
[SourceTitle "playchess.com"]
[Source "ChessBase"]
[SourceQuality "1"]
[WhiteTeam "Slovenia"]
[BlackTeam "Czech Republic"]
[WhiteTeamCountry "SLO"]
[BlackTeamCountry "CZE"]
[TimeControl "40/5400+30:1800+30"]

1. d4 d5 2. c4 e6 3. Nc3 Nf6 4. Nf3 g6 5. Bg5 Bg7 6. e3 O-O 7. Be2 b6 8. O-O Bb7 9. cxd5 exd5 10. Rc1 Nc6 11. a3 Re8 12. b4 h6 13. Bh4 g5 14. Bg3 a6 15. b5 Na5 16. Na2 Re7 17. Nb4 axb5 18. Bxb5 Ne4 19. Be5 f6 20. Bg3 c5 21. dxc5 bxc5 22. Nd3 c4 23. Nb4 Nb3 24. Rc2 f5 25. a4 Kh8 26. h4 g4 27. Nd4 Nxd4 28. exd4 Qb6 29. Be5 Bxe5 30. dxe5 Rxe5 31. Qa1 Qf6 32. Qd4 g3 33. f3 Nd6 34. Rd2 Nxb5 35. axb5 Rae8 36. Nc6 Bxc6 37. bxc6 f4 38. c7 Kh7 39. Qa7 R5e7 40. c8=Q Rxc8 41. Qa2 Qxh4 42. Qc2+ Kh8 0-1

[Event "EYTCC U12 Open 2019"]
[Site "Pardubice"]
[Date "2019.07.16"]
[Round "6.23"]
[White "Juhanak, Daniel"]
[Black "Gregoric, Andraz"]
[Result "0-1"]
[ECO "C68"]
[WhiteElo "1510"]
[BlackElo "1911"]
[Annotator "NA"]
[PlyCount "118"]
[EventDate "2019.07.11"]
[EventType "swiss"]
[EventCountry "CZE"]
[SourceTitle "playchess.com"]
[Source "ChessBase"]
[SourceQuality "1"]
[WhiteTeam "Czech Republic"]
[BlackTeam "Slovenia"]
[WhiteTeamCountry "CZE"]
[BlackTeamCountry "SLO"]
[TimeControl "40/5400+30:1800+30"]

1. e4 e5 2. Nf3 Nc6 3. Bb5 a6 4. Bxc6 dxc6 5. O-O Bg4 6. h3 h5 7. d3 Bxf3 8. Qxf3 Qd7 9. Qg3 f6 10. Qg6+ Qf7 11. Qxf7+ Kxf7 12. f4 Bc5+ 13. Kh1 Ke6 14. fxe5 fxe5 15. Nd2 Nf6 16. Nf3 Raf8 17. b3 Be7 18. Bb2 Bd6 19. Rae1 h4 20. d4 Nh5 21. Kh2 Ng3 22. Rf2 Rh5 23. dxe5 Bxe5 24. Bxe5 Rxe5 25. Nd4+ Ke7 26. Rxf8 Kxf8 27. Nf3 Rxe4 28. Rxe4 Nxe4 29. Nxh4 Nc3 30. a4 Ne2 31. Nf5 a5 32. Ne3 b5 33. axb5 cxb5 34. Nd5 c6 35. Ne3 a4 36. bxa4 bxa4 37. c4 a3 38. Nc2 a2 39. g4 Ke7 40. Kg2 g5 41. Kf2 Nf4 42. Kg3 Ne2+ 43. Kf2 Nf4 44. Kg3 Kd6 45. h4 Ne2+ 46. Kf2 Nd4 47. Na1 gxh4 48. Kg2 Kc5 49. g5 Nf5 50. Kh3 Kxc4 51. Kg4 Ng7 52. Kxh4 Kc3 53. g6 Kb2 54. Kg5 Kxa1 55. Kf6 Kb2 56. Kxg7 a1=Q 57. Kh7 Qh1+ 58. Kg8 c5 59. g7 Qg2 0-1

[Event "EYTCC U12 Open 2019"]
[Site "Pardubice"]
[Date "2019.07.16"]
[Round "6.24"]
[White "Olenik Campa, Rudi"]
[Black "Buchta, Bartolomej"]
[Result "1-0"]
[ECO "B54"]
[WhiteElo "1854"]
[BlackElo "1585"]
[Annotator "NA"]
[PlyCount "85"]
[EventDate "2019.07.11"]
[EventType "swiss"]
[EventCountry "CZE"]
[SourceTitle "playchess.com"]
[Source "ChessBase"]
[SourceQuality "1"]
[WhiteTeam "Slovenia"]
[BlackTeam "Czech Republic"]
[WhiteTeamCountry "SLO"]
[BlackTeamCountry "CZE"]
[TimeControl "40/5400+30:1800+30"]

1. e4 c5 2. Nf3 d6 3. d4 cxd4 4. Nxd4 Nf6 5. f3 e5 6. Nb3 Be6 7. c4 Nbd7 8. Be3 Rc8 9. Nc3 a6 10. Nd5 Bxd5 11. cxd5 Be7 12. Qd2 Nb6 13. Rc1 Nfd7 14. Be2 O-O 15. O-O f5 16. exf5 Rxf5 17. Na5 Rb8 18. Nc4 Nxc4 19. Rxc4 Bg5 20. Bd3 Bxe3+ 21. Qxe3 Rh5 22. Rg4 Nf6 23. Rg3 Nxd5 24. Bc4 b5 25. Bxd5+ Kh8 26. Qa7 Qb6+ 27. Qxb6 Rxb6 28. Rc1 Rb8 29. Rc7 g6 30. Rc6 Rh4 31. Rg4 Rh5 32. Rxa6 Rc8 33. Rc6 Rf8 34. Rb4 Rhf5 35. Rxb5 e4 36. Bc4 Rf4 37. Be2 e3 38. Rd5 Rb4 39. b3 Rbb8 40. Rdxd6 Ra8 41. Rc2 Rfe8 42. Rd7 h5 43. Rcc7 1-0

[Event "EYTCC U12 Open 2019"]
[Site "Pardubice"]
[Date "2019.07.17"]
[Round "7.1"]
[White "Tancsa, Tamas"]
[Black "Tarhan, Adar"]
[Result "1/2-1/2"]
[ECO "C96"]
[WhiteElo "2126"]
[BlackElo "1972"]
[Annotator "ChessBase"]
[PlyCount "84"]
[EventDate "2019.07.11"]
[EventType "swiss"]
[EventCountry "CZE"]
[SourceTitle "playchess.com"]
[Source "ChessBase"]
[SourceQuality "1"]
[WhiteTeam "Hungary"]
[BlackTeam "Turkey"]
[WhiteTeamCountry "HUN"]
[BlackTeamCountry "TUR"]
[TimeControl "40/5400+30:1800+30"]

1. e4 e5 2. Nf3 Nc6 3. Bb5 a6 4. Ba4 Nf6 5. O-O Be7 6. Re1 b5 7. Bb3 d6 8. c3 O-O 9. h3 Na5 10. Bc2 c5 11. d4 Nd7 12. d5 Nb6 13. Nbd2 g6 14. b4 cxb4 15. cxb4 Nac4 16. Nxc4 Nxc4 17. Bb3 Nb6 18. Bh6 Re8 19. Rc1 Bd7 20. Qd2 Rc8 21. Ng5 Nc4 22. Bxc4 bxc4 23. f4 Qb6+ 24. Kh1 c3 25. Qd3 Qxb4 26. fxe5 dxe5 27. Nxf7 Kxf7 28. Rf1+ Kg8 29. Qf3 Rf8 30. Bxf8 Rxf8 31. Qg3 Rxf1+ 32. Rxf1 Qd4 33. Qf3 Be8 34. Qg4 Bf7 35. Qc8+ Kg7 36. Qc7 Bf6 37. Qd6 Bg5 38. Qd7 Bf4 39. Qc7 Qd3 40. Rxf4 Qb1+ 41. Kh2 exf4 42. Qxc3+ Kg8 1/2-1/2

[Event "EYTCC U12 Open 2019"]
[Site "Pardubice"]
[Date "2019.07.17"]
[Round "7.2"]
[White "Celik, Hasan Huseyin"]
[Black "Tran, David"]
[Result "1-0"]
[ECO "C36"]
[WhiteElo "1903"]
[BlackElo "2112"]
[Annotator "ChessBase"]
[PlyCount "95"]
[EventDate "2019.07.11"]
[EventType "swiss"]
[EventCountry "CZE"]
[SourceTitle "playchess.com"]
[Source "ChessBase"]
[SourceQuality "1"]
[WhiteTeam "Turkey"]
[BlackTeam "Hungary"]
[WhiteTeamCountry "TUR"]
[BlackTeamCountry "HUN"]
[TimeControl "40/5400+30:1800+30"]

1. e4 e5 2. f4 exf4 3. Nf3 d5 4. exd5 Nf6 5. Bb5+ c6 6. dxc6 Nxc6 7. d4 Bd6 8. O-O O-O 9. Nbd2 Bg4 10. Nc4 Bc7 11. c3 Re8 12. Qc2 Qd5 13. Bxc6 bxc6 14. Nfe5 g5 15. h4 h6 16. hxg5 hxg5 17. Bxf4 gxf4 18. Rxf4 Re6 19. Ne3 Bxe5 20. Nxd5 Bxf4 21. Nxf4 Re4 22. Rf1 Rae8 23. Qf2 Nh5 24. Qh4 Nxf4 25. Rxf4 Re1+ 26. Rf1 Rxf1+ 27. Kxf1 Be6 28. b3 Kf8 29. Kg1 Rc8 30. c4 Ke8 31. Qe4 Kd8 32. d5 cxd5 33. cxd5 Bd7 34. d6 Rc6 35. Qe7+ Kc8 36. Qf8+ Kb7 37. Qxf7 Rxd6 38. g4 Kc6 39. g5 Rd5 40. g6 Rg5+ 41. Kh2 Rh5+ 42. Kg3 Rg5+ 43. Kf4 Rg1 44. Qc4+ Kb7 45. Qf7 Kc6 46. Ke3 Rg3+ 47. Kf2 Rg4 48. g7 1-0

[Event "EYTCC U12 Open 2019"]
[Site "Pardubice"]
[Date "2019.07.17"]
[Round "7.3"]
[White "Konyves, Almos"]
[Black "Portakalci, Yusuf"]
[Result "1-0"]
[ECO "E92"]
[WhiteElo "2104"]
[BlackElo "1764"]
[Annotator "ChessBase"]
[PlyCount "91"]
[EventDate "2019.07.11"]
[EventType "swiss"]
[EventCountry "CZE"]
[SourceTitle "playchess.com"]
[Source "ChessBase"]
[SourceQuality "1"]
[WhiteTeam "Hungary"]
[BlackTeam "Turkey"]
[WhiteTeamCountry "HUN"]
[BlackTeamCountry "TUR"]
[TimeControl "40/5400+30:1800+30"]

1. d4 Nf6 2. c4 g6 3. Nc3 Bg7 4. e4 d6 5. Be2 O-O 6. Be3 e5 7. Nf3 Nc6 8. d5 Ne7 9. Nd2 Ne8 10. c5 f5 11. f3 f4 12. Bf2 g5 13. Rc1 Ng6 14. Nc4 h5 15. cxd6 cxd6 16. Qd2 g4 17. Nb5 a6 18. Nb6 Rb8 19. Na3 g3 20. hxg3 fxg3 21. Be3 Nf6 22. Nac4 h4 23. Bg5 h3 24. Nxc8 hxg2 25. Rg1 Rxc8 26. Rxg2 b5 27. Ne3 Rxc1+ 28. Qxc1 Qa5+ 29. Qd2 Qxa2 30. Rxg3 Qb1+ 31. Bd1 Nh5 32. Rg1 Ngf4 33. Nf5 Rf7 34. Bxf4 Nxf4 35. Nh6+ Kf8 36. Nxf7 Kxf7 37. Qc3 Nd3+ 38. Ke2 Nf4+ 39. Ke3 Bf8 40. Qc7+ Be7 41. Qc2 Qa1 42. Qc8 Bf8 43. Rg5 Qxd1 44. Qd7+ Be7 45. Qf5+ Bf6 46. Qh7+ 1-0

[Event "EYTCC U12 Open 2019"]
[Site "Pardubice"]
[Date "2019.07.17"]
[Round "7.4"]
[White "Durak, Can"]
[Black "Giang, Tran Nam"]
[Result "1-0"]
[ECO "D27"]
[WhiteElo "1753"]
[BlackElo "1931"]
[Annotator "NA"]
[PlyCount "75"]
[EventDate "2019.07.11"]
[EventType "swiss"]
[EventCountry "CZE"]
[SourceTitle "playchess.com"]
[Source "ChessBase"]
[SourceQuality "1"]
[WhiteTeam "Turkey"]
[BlackTeam "Hungary"]
[WhiteTeamCountry "TUR"]
[BlackTeamCountry "HUN"]
[TimeControl "40/5400+30:1800+30"]

1. d4 d5 2. c4 dxc4 3. e3 e6 4. Bxc4 a6 5. Nf3 c5 6. O-O Nf6 7. dxc5 Qxd1 8. Rxd1 Bxc5 9. Be2 Nbd7 10. b3 b6 11. Bb2 Bb7 12. Nbd2 Ke7 13. Nc4 Rhd8 14. a4 Rac8 15. Rac1 Bd5 16. Ncd2 a5 17. Bc4 g6 18. Bxd5 Nxd5 19. Nc4 f6 20. g3 Nb8 21. Bd4 Bxd4 22. Nxd4 Nc6 23. Nb5 f5 24. Rxd5 exd5 25. Nxb6 Rb8 26. Rxc6 Rb7 27. Kf1 Rdb8 28. Nxd5+ Kd7 29. Rd6+ Ke8 30. Ke2 Kf7 31. Ra6 Rd7 32. Nf4 g5 33. Nd3 Kg7 34. Rxa5 Rc8 35. Nd4 Kh8 36. Rc5 Re8 37. Nxf5 Red8 38. Nd4 1-0

[Event "EYTCC U12 Open 2019"]
[Site "Pardubice"]
[Date "2019.07.17"]
[Round "7.5"]
[White "Fiszer, Bartosz"]
[Black "Cohen, Elad"]
[Result "1-0"]
[ECO "C65"]
[WhiteElo "2124"]
[BlackElo "2002"]
[Annotator "ChessBase"]
[PlyCount "143"]
[EventDate "2019.07.11"]
[EventType "swiss"]
[EventCountry "CZE"]
[SourceTitle "playchess.com"]
[Source "ChessBase"]
[SourceQuality "1"]
[WhiteTeam "Poland"]
[BlackTeam "Israel"]
[WhiteTeamCountry "POL"]
[BlackTeamCountry "ISR"]
[TimeControl "40/5400+30:1800+30"]

1. e4 e5 2. Nf3 Nc6 3. Bb5 Nf6 4. d3 Bc5 5. Bxc6 dxc6 6. h3 Be6 7. Nc3 Nd7 8. Ng5 Nf8 9. Qh5 Qf6 10. Be3 Bd6 11. O-O-O O-O-O 12. g3 h6 13. Nxe6 Nxe6 14. Kb1 Qg6 15. Qg4 h5 16. Qf5 Kb8 17. Rdf1 c5 18. g4 Nd4 19. Bxd4 cxd4 20. Ne2 hxg4 21. hxg4 b6 22. Ng3 Qe6 23. Nh5 g6 24. Qxe6 fxe6 25. Ng7 Rxh1 26. Rxh1 Rf8 27. a4 Rxf2 28. Rh6 g5 29. Rg6 Be7 30. Nxe6 Rf6 31. Rg8+ Kb7 32. Nxg5 Rf4 33. Ne6 Rf6 34. Nd8+ Bxd8 35. Rxd8 Rg6 36. Re8 Rg5 37. Rf8 Rxg4 38. Rf5 Rg2 39. Rxe5 Kc8 40. b4 c6 41. Re7 a6 42. Kb2 Rg5 43. Kb3 a5 44. bxa5 Rxa5 45. Rf7 Rh5 46. Rf5 Rh2 47. a5 bxa5 48. Rxa5 Kd7 49. Ra2 c5 50. Ra6 Re2 51. c3 dxc3 52. Kxc3 Re1 53. Kd2 Rh1 54. Rg6 Kc7 55. Rg3 Kd6 56. Ke3 Rh2 57. Rg6+ Kc7 58. e5 Rh3+ 59. Ke4 Rh4+ 60. Kf5 c4 61. dxc4 Rxc4 62. Kf6 Re4 63. e6 Kd6 64. Kf7 Re1 65. Rf6 Re2 66. Rf1 Rh2 67. Rd1+ Ke5 68. e7 Rf2+ 69. Kg6 Rg2+ 70. Kh5 Kf5 71. Rf1+ Ke6 72. e8=Q+ 1-0

[Event "EYTCC U12 Open 2019"]
[Site "Pardubice"]
[Date "2019.07.17"]
[Round "7.6"]
[White "Vagman, Roy"]
[Black "Seemann, Jakub"]
[Result "1/2-1/2"]
[ECO "B23"]
[WhiteElo "1941"]
[BlackElo "2017"]
[Annotator "NA"]
[PlyCount "118"]
[EventDate "2019.07.11"]
[EventType "swiss"]
[EventCountry "CZE"]
[SourceTitle "playchess.com"]
[Source "ChessBase"]
[SourceQuality "1"]
[WhiteTeam "Israel"]
[BlackTeam "Poland"]
[WhiteTeamCountry "ISR"]
[BlackTeamCountry "POL"]
[TimeControl "40/5400+30:1800+30"]

1. e4 c5 2. Nc3 d6 3. d4 cxd4 4. Qxd4 a6 5. b3 Nc6 6. Qd2 Nf6 7. Bb2 g6 8. O-O-O Bg7 9. Kb1 O-O 10. f3 b5 11. g4 Qa5 12. h4 h5 13. g5 Nd7 14. Nge2 Rb8 15. Bg2 Nc5 16. Nd5 Qxd2 17. Rxd2 Be6 18. f4 Rfc8 19. Ng3 a5 20. Bxg7 Kxg7 21. f5 Bxd5 22. exd5 Ne5 23. Rf1 a4 24. Ne2 axb3 25. axb3 Nc4 26. bxc4 bxc4+ 27. Kc1 Nd3+ 28. Rxd3 cxd3 29. Nd4 Rc4 30. Rf4 Kh8 31. Bf1 Rbb4 32. c3 Rxc3+ 33. Kd2 Rc5 34. fxg6 fxg6 35. Rf8+ Kh7 36. Ne6 Rxd5 37. Bxd3 Rxh4 38. Rf7+ Kg8 39. Rg7+ Kh8 40. Rxg6 Rh3 41. Nf4 Rhxd3+ 42. Nxd3 Kh7 43. Rh6+ Kg7 44. Rxh5 Kg6 45. Rh6+ Kg7 46. Rh5 Kg6 47. Rh8 Kxg5 48. Ke3 Rb5 49. Ke4 Kf6 50. Rh6+ Kf7 51. Rh7+ Ke8 52. Kd4 Kd7 53. Kc4 Rg5 54. Nb4 Ke6 55. Rh4 Rc5+ 56. Kd4 Rc1 57. Re4+ Kd7 58. Nd3 Rd1 59. Rh4 Ra1 1/2-1/2

[Event "EYTCC U12 Open 2019"]
[Site "Pardubice"]
[Date "2019.07.17"]
[Round "7.8"]
[White "Tsirilman, Guy"]
[Black "Klimkowski, Jan"]
[Result "0-1"]
[ECO "B90"]
[WhiteElo "1792"]
[BlackElo "1985"]
[Annotator "NA"]
[PlyCount "68"]
[EventDate "2019.07.11"]
[EventType "swiss"]
[EventCountry "CZE"]
[SourceTitle "playchess.com"]
[Source "ChessBase"]
[SourceQuality "1"]
[WhiteTeam "Israel"]
[BlackTeam "Poland"]
[WhiteTeamCountry "ISR"]
[BlackTeamCountry "POL"]
[TimeControl "40/5400+30:1800+30"]

1. e4 c5 2. Nf3 d6 3. d4 cxd4 4. Nxd4 Nf6 5. Nc3 a6 6. Be3 e5 7. Nb3 Be6 8. h3 h5 9. f4 exf4 10. Bxf4 h4 11. Qf3 Nc6 12. O-O-O Nh5 13. Bh2 Qg5+ 14. Kb1 Ne5 15. Bxe5 dxe5 16. Na5 Bb4 17. Nc4 O-O 18. Nb6 Rad8 19. Bc4 Ng3 20. Rhe1 Bxc3 21. bxc3 Bxc4 22. Nxc4 Qe7 23. Ne3 Qc5 24. Nd5 f5 25. exf5 e4 26. Nf6+ gxf6 27. Qg4+ Kf7 28. Rxd8 Rxd8 29. Qg6+ Ke7 30. Qg7+ Kd6 31. Qxf6+ Kc7 32. Qxh4 Qxc3 33. Qf4+ Kc8 34. Qe3 Rd1+ 0-1

[Event "EYTCC U12 Open 2019"]
[Site "Pardubice"]
[Date "2019.07.17"]
[Round "7.10"]
[White "Fizer, Marek"]
[Black "Makkar, Rajat"]
[Result "0-1"]
[ECO "C77"]
[WhiteElo "1624"]
[BlackElo "2064"]
[Annotator "NA"]
[PlyCount "62"]
[EventDate "2019.07.11"]
[EventType "swiss"]
[EventCountry "CZE"]
[SourceTitle "playchess.com"]
[Source "ChessBase"]
[SourceQuality "1"]
[WhiteTeam "Czech Republic"]
[BlackTeam "France"]
[WhiteTeamCountry "CZE"]
[BlackTeamCountry "FRA"]
[TimeControl "40/5400+30:1800+30"]

1. e4 e5 2. Nf3 Nc6 3. Bb5 a6 4. Ba4 Nf6 5. d3 d6 6. c3 g6 7. O-O Bg7 8. Nbd2 O-O 9. Re1 b5 10. Bb3 Na5 11. Bc2 c5 12. Nf1 Nc6 13. a4 Bb7 14. Ne3 Qd7 15. b3 d5 16. exd5 Nxd5 17. Bb2 Nf4 18. c4 b4 19. h3 Nd4 20. Bxd4 exd4 21. Ng4 Qf5 22. Ngh2 Rae8 23. Nh4 Nxh3+ 24. gxh3 Rxe1+ 25. Qxe1 Qg5+ 26. Ng4 Qxh4 27. Qf1 h5 28. Bd1 hxg4 29. Bxg4 f5 30. Re1 fxg4 31. Re6 gxh3 0-1

[Event "EYTCC U12 Open 2019"]
[Site "Pardubice"]
[Date "2019.07.17"]
[Round "7.11"]
[White "Mekhane, Adam"]
[Black "Lang, Simon"]
[Result "0-1"]
[ECO "C05"]
[WhiteElo "2040"]
[BlackElo "1506"]
[Annotator "NA"]
[PlyCount "40"]
[EventDate "2019.07.11"]
[EventType "swiss"]
[EventCountry "CZE"]
[SourceTitle "playchess.com"]
[Source "ChessBase"]
[SourceQuality "1"]
[WhiteTeam "France"]
[BlackTeam "Czech Republic"]
[WhiteTeamCountry "FRA"]
[BlackTeamCountry "CZE"]
[TimeControl "40/5400+30:1800+30"]

1. d4 e6 2. e4 d5 3. Nd2 Nf6 4. e5 Nfd7 5. Ngf3 c5 6. c3 Nc6 7. Bd3 Be7 8. O-O f6 9. exf6 Nxf6 10. Re1 O-O 11. Nf1 Qb6 12. Ng3 Bd7 13. Rb1 Rae8 14. Ne5 cxd4 15. Nxd7 Nxd7 16. Rxe6 Nde5 17. Bc2 d3 18. Bxd3 Qxf2+ 19. Kh1 Nxd3 20. Be3 Qxe3 0-1

[Event "EYTCC U12 Open 2019"]
[Site "Pardubice"]
[Date "2019.07.17"]
[Round "7.12"]
[White "Buchta, Bartolomej"]
[Black "Bat, Bilguun"]
[Result "0-1"]
[ECO "B90"]
[WhiteElo "1585"]
[BlackElo "2093"]
[Annotator "NA"]
[PlyCount "52"]
[EventDate "2019.07.11"]
[EventType "swiss"]
[EventCountry "CZE"]
[SourceTitle "playchess.com"]
[Source "ChessBase"]
[SourceQuality "1"]
[WhiteTeam "Czech Republic"]
[BlackTeam "France"]
[WhiteTeamCountry "CZE"]
[BlackTeamCountry "FRA"]
[TimeControl "40/5400+30:1800+30"]

1. e4 c5 2. Nf3 d6 3. d4 cxd4 4. Nxd4 Nf6 5. Nc3 a6 6. h3 e6 7. g4 d5 8. e5 Nfd7 9. f4 Qh4+ 10. Ke2 Bc5 11. Be3 Nc6 12. Na4 Bxd4 13. Bxd4 Nxd4+ 14. Qxd4 b5 15. Nb6 Rb8 16. Nxd7 Bxd7 17. Rg1 Rc8 18. Kd2 O-O 19. g5 h5 20. c3 b4 21. Bxa6 bxc3+ 22. bxc3 Ra8 23. Bf1 Rfb8 24. a4 Bxa4 25. Rg2 Rb2+ 26. Ke3 Qxh3+ 0-1

[Event "EYTCC U12 Open 2019"]
[Site "Pardubice"]
[Date "2019.07.17"]
[Round "7.13"]
[White "Finek, Vaclav"]
[Black "Bakiev, Diyor"]
[Result "1-0"]
[ECO "E69"]
[WhiteElo "2043"]
[BlackElo "2121"]
[Annotator "ChessBase"]
[PlyCount "87"]
[EventDate "2019.07.11"]
[EventType "swiss"]
[EventCountry "CZE"]
[SourceTitle "playchess.com"]
[Source "ChessBase"]
[SourceQuality "1"]
[WhiteTeam "Czech Republic"]
[BlackTeam "Germany"]
[WhiteTeamCountry "CZE"]
[BlackTeamCountry "GER"]
[TimeControl "40/5400+30:1800+30"]

1. d4 Nf6 2. c4 g6 3. Nf3 Bg7 4. g3 O-O 5. Bg2 d6 6. O-O Nbd7 7. Nc3 e5 8. e4 c6 9. h3 Qb6 10. Re1 exd4 11. Nxd4 Ne5 12. b3 Nfd7 13. Be3 Nc5 14. Qc2 Qc7 15. Rad1 a5 16. Re2 Re8 17. Red2 Bf8 18. Kh2 Ne6 19. Nce2 Nxd4 20. Bxd4 a4 21. f4 Nd7 22. Bb2 f6 23. Nc1 Kg7 24. Nd3 axb3 25. axb3 Nc5 26. Nxc5 dxc5 27. Qc3 Qf7 28. g4 Be7 29. g5 Be6 30. Rd7 Bxd7 31. Rxd7 h5 32. gxf6+ Kh7 33. Qe5 Rad8 34. Rxb7 Kh6 35. fxe7 Rd2 36. Bc1 Ra2 37. Rb8 Kh7 38. Rxe8 Qxe8 39. Bb2 Rxb2 40. Qxb2 Qxe7 41. Qe5 Qf7 42. f5 h4 43. fxg6+ Qxg6 44. Qf5 1-0

[Event "EYTCC U12 Open 2019"]
[Site "Pardubice"]
[Date "2019.07.17"]
[Round "7.14"]
[White "Costa, Leonardo"]
[Black "Nemec, Jachym"]
[Result "1/2-1/2"]
[ECO "B34"]
[WhiteElo "2002"]
[BlackElo "1927"]
[Annotator "NA"]
[PlyCount "66"]
[EventDate "2019.07.11"]
[EventType "swiss"]
[EventCountry "CZE"]
[SourceTitle "playchess.com"]
[Source "ChessBase"]
[SourceQuality "1"]
[WhiteTeam "Germany"]
[BlackTeam "Czech Republic"]
[WhiteTeamCountry "GER"]
[BlackTeamCountry "CZE"]
[TimeControl "40/5400+30:1800+30"]

1. e4 c5 2. Nf3 Nc6 3. d4 cxd4 4. Nxd4 g6 5. Nxc6 dxc6 6. Qxd8+ Kxd8 7. Bc4 Nf6 8. f3 Bg7 9. Nc3 Ke8 10. Be3 b5 11. Bb3 Nd7 12. O-O-O a5 13. a3 Ba6 14. Bxf7+ Kxf7 15. Rxd7 Be5 16. Bc5 Rhe8 17. g3 Bc8 18. Ra7 Rxa7 19. Bxa7 Bh3 20. f4 Bxc3 21. bxc3 e5 22. Re1 exf4 23. gxf4 Bg2 24. e5 Bd5 25. Kd2 Ke6 26. a4 Kf5 27. axb5 cxb5 28. Ke3 Rc8 29. Kd4 Bc4 30. e6 Bxe6 31. Re5+ Kf6 32. Rxb5 Rc4+ 33. Kd3 Rxf4 1/2-1/2

[Event "EYTCC U12 Open 2019"]
[Site "Pardubice"]
[Date "2019.07.17"]
[Round "7.15"]
[White "Brozka, Karel"]
[Black "Deuer, Marius"]
[Result "1-0"]
[ECO "E16"]
[WhiteElo "1816"]
[BlackElo "1881"]
[Annotator "NA"]
[PlyCount "113"]
[EventDate "2019.07.11"]
[EventType "swiss"]
[EventCountry "CZE"]
[SourceTitle "playchess.com"]
[Source "ChessBase"]
[SourceQuality "1"]
[WhiteTeam "Czech Republic"]
[BlackTeam "Germany"]
[WhiteTeamCountry "CZE"]
[BlackTeamCountry "GER"]
[TimeControl "40/5400+30:1800+30"]

1. d4 Nf6 2. Nf3 e6 3. c4 Bb4+ 4. Bd2 Qe7 5. Nc3 Bxc3 6. Bxc3 Ne4 7. Qc2 Nxc3 8. Qxc3 d6 9. e4 Nd7 10. Bd3 e5 11. O-O O-O 12. b4 b6 13. Rae1 c5 14. bxc5 bxc5 15. d5 g6 16. Nd2 Qg5 17. g3 Nf6 18. f4 exf4 19. Nf3 Nxd5 20. exd5 Qh6 21. Qf6 fxg3 22. hxg3 Bh3 23. Rf2 Rae8 24. Re7 Qh5 25. Ng5 Rxe7 26. Qxe7 Qg4 27. Kh2 Qd7 28. Qxd7 Bxd7 29. Rf6 Bg4 30. Kg2 Rb8 31. Rf2 Rb7 32. Ne4 f5 33. Nxd6 Re7 34. Rb2 Re3 35. Bf1 h5 36. Rb3 Re1 37. Rb8+ Kg7 38. Rb7+ Kg8 39. Rc7 g5 40. Rc8+ Kg7 41. Rc7+ Kg6 42. Nf7 h4 43. gxh4 gxh4 44. Kf2 Rb1 45. d6 Rb2+ 46. Ke3 h3 47. Ne5+ Kf6 48. d7 f4+ 49. Kxf4 Bxd7 50. Nxd7+ Ke7 51. Bxh3 Rxa2 52. Ne5+ Ke8 53. Rxc5 a5 54. Bd7+ Kf8 55. Kf5 a4 56. Kf6 Rf2+ 57. Bf5 1-0

[Event "EYTCC U12 Open 2019"]
[Site "Pardubice"]
[Date "2019.07.17"]
[Round "7.16"]
[White "Hagner, Bennet"]
[Black "Werner, Hong Quan Dan"]
[Result "1-0"]
[ECO "B32"]
[WhiteElo "1831"]
[BlackElo "1734"]
[Annotator "NA"]
[PlyCount "53"]
[EventDate "2019.07.11"]
[EventType "swiss"]
[EventCountry "CZE"]
[SourceTitle "playchess.com"]
[Source "ChessBase"]
[SourceQuality "1"]
[WhiteTeam "Germany"]
[BlackTeam "Czech Republic"]
[WhiteTeamCountry "GER"]
[BlackTeamCountry "CZE"]
[TimeControl "40/5400+30:1800+30"]

1. e4 c5 2. Nf3 Nc6 3. d4 cxd4 4. Nxd4 e5 5. Nb5 d6 6. N1c3 Nf6 7. Nd5 Nxd5 8. exd5 Nb8 9. c4 Be7 10. Bd3 a6 11. Nc3 O-O 12. O-O f5 13. Bc2 Bf6 14. b3 e4 15. Bb2 Nd7 16. f3 Qb6+ 17. Kh1 Nc5 18. fxe4 Nxe4 19. Bxe4 fxe4 20. Qe2 Re8 21. Rxf6 gxf6 22. Nxe4 Kf8 23. Bxf6 Qc7 24. Rf1 Qf7 25. Bg7+ Kxg7 26. Rxf7+ Kg8 27. Nf6+ 1-0

[Event "EYTCC U12 Open 2019"]
[Site "Pardubice"]
[Date "2019.07.17"]
[Round "7.19"]
[White "Bialiauski, Artsiom"]
[Black "Hladky, Tadeas"]
[Result "1-0"]
[ECO "D92"]
[WhiteElo "1784"]
[BlackElo "1638"]
[Annotator "NA"]
[PlyCount "49"]
[EventDate "2019.07.11"]
[EventType "swiss"]
[EventCountry "CZE"]
[SourceTitle "playchess.com"]
[Source "ChessBase"]
[SourceQuality "1"]
[WhiteTeam "Belarus"]
[BlackTeam "Czech Republic"]
[WhiteTeamCountry "BLR"]
[BlackTeamCountry "CZE"]
[TimeControl "40/5400+30:1800+30"]

1. d4 Nf6 2. Nf3 g6 3. c4 Bg7 4. Nc3 d5 5. Bf4 dxc4 6. e3 Be6 7. Ng5 Bd5 8. e4 h6 9. exd5 hxg5 10. Be5 O-O 11. Bxc4 Nfd7 12. Bxg7 Kxg7 13. O-O Nb6 14. Bb3 N8d7 15. Re1 Rc8 16. Qg4 Nf6 17. Qxg5 Rh8 18. Qe5 Qd6 19. h3 Rce8 20. Nb5 Qxe5 21. Rxe5 a6 22. Nxc7 Rc8 23. Rxe7 Ng8 24. Ne6+ Kf6 25. Rxb7 1-0

[Event "EYTCC U12 Open 2019"]
[Site "Pardubice"]
[Date "2019.07.17"]
[Round "7.20"]
[White "Mohapl, Tomas"]
[Black "Piatrenka, Ivan"]
[Result "1-0"]
[ECO "B06"]
[WhiteElo "1585"]
[BlackElo "1498"]
[Annotator "NA"]
[PlyCount "113"]
[EventDate "2019.07.11"]
[EventType "swiss"]
[EventCountry "CZE"]
[SourceTitle "playchess.com"]
[Source "ChessBase"]
[SourceQuality "1"]
[WhiteTeam "Czech Republic"]
[BlackTeam "Belarus"]
[WhiteTeamCountry "CZE"]
[BlackTeamCountry "BLR"]
[TimeControl "40/5400+30:1800+30"]

1. e4 d6 2. d4 g6 3. Nc3 Bg7 4. Be3 c6 5. Bc4 Nf6 6. f3 O-O 7. a4 e5 8. dxe5 dxe5 9. Qxd8 Rxd8 10. Nge2 Be6 11. Bxe6 fxe6 12. Ng3 Na6 13. Na2 Bf8 14. Ke2 Bc5 15. Rad1 Bd4 16. b3 Rd7 17. Bg5 Rf7 18. c3 Bb6 19. b4 Rd8 20. Rxd8+ Bxd8 21. Rd1 Bc7 22. Nf1 Kg7 23. Ne3 h6 24. Bh4 Nh5 25. Bf2 Nf4+ 26. Kf1 Nb8 27. Nc4 a6 28. Bb6 Kf6 29. Nc1 Bxb6 30. Nxb6 Ke7 31. Nb3 Ke8 32. Nc5 a5 33. Nc8 Rc7 34. Nd6+ Ke7 35. Ndxb7 Na6 36. bxa5 Nh5 37. Nxa6 Rxb7 38. Nc5 Ra7 39. a6 Nf6 40. Rb1 Kd6 41. Rb7 Ra8 42. Rf7 Kxc5 43. Rxf6 Rxa6 44. Rxe6 Rxa4 45. Rxg6 Rc4 46. Rxh6 Rxc3 47. Ke1 Kd4 48. Kd2 Ra3 49. Rxc6 Ra1 50. Rd6+ Kc4 51. Rd5 Ra2+ 52. Ke3 Rxg2 53. Rxe5 Rxh2 54. Rd5 Rh4 55. Rd8 Kc5 56. e5 Rh5 57. Ke4 1-0